 Seeded DCSS version 0.26.1-10-gdfb7c7de75 (webtiles) character file.

Game seed: 13435453013147752700 (custom seed)

84797 wilfster70 the Fighter (level 15, -1/100 HPs)
             Began as a Gargoyle Ice Elementalist on Apr 9, 2021.
             Was a High Priest of Okawaru.
             Slain by an orc knight
             ... wielding a +0 war axe of electrocution
              (6 damage)
             ... on level 2 of the Orcish Mines on Apr 10, 2021.
             The game lasted 01:29:31 (30351 turns).

wilfster70 the Fighter (Gargoyle Ice Elementalist) Turns: 30351, Time: 01:29:31

Health: -1/100     AC: 19    Str: 21    XL:     15   Next: 81%
Magic:  9/27       EV: 12    Int: 24    God:    Okawaru [*****.]
Gold:   1533       SH: 15    Dex: 21    Spells: 12/30 levels left

rFire    + + .     SeeInvis .   b - +8 trident of Debt {freeze, Str+4 Dex+5}
rCold    + . .     Faith    .   L - +2 buckler {rN+}
rNeg     + + .     Spirit   .   I - +1 robe "Jualuc" {rF+ Str+3 Stlth+} (curse)
rPois    ∞         Reflect  +   N - +0 helmet of the Invisible Lies {Str+4}
rElec    +         Harm     .   O - +2 cloak
rCorr    .         Rampage  .   (no gloves)
Will     +++++                  (no boots)
Stlth    +++.......             B - amulet of reflection
HPRegen  0.26/turn              y - ring "Oqanowk" {rF+ rC+ Will++ Str-3 Dex+6}
MPRegen  0.20/turn              J - ring of the Mage {Wiz Will++ Int+3}

@: flying, studying 2 skills
A: big wings, negative energy resistance 1, electricity resistance, unbreathing,
petrification resistance, miasma immunity, AC +11
a: Stop Flying, Renounce Religion, Heroism, Finesse


You were on level 2 of the Orcish Mines.
You worshipped Okawaru.
Okawaru was extremely pleased with you.
You visited 3 branches of the dungeon, and saw 20 of its levels.
You also visited: Trove and Volcano.

You collected 2508 gold pieces.
You spent 975 gold pieces at shops.

Inventory:

Hand Weapons
 a - a +5 morningstar of draining
 b - the +8 trident of Debt (weapon) {freeze, Str+4 Dex+5}
   (You found it on level 11 of the Dungeon)

   It has been specially enchanted to freeze those struck by it, causing extra
   injury to most foes and up to half again as much damage against particularly
   susceptible opponents.
   It can also slow down cold-blooded creatures.
   It affects your strength (+4).
   It affects your dexterity (+5).
 w - the +11 mace of Quirru {vorpal, +Blink +Rage Dex-5 SInv}
   (You found it on level 11 of the Dungeon)

   It inflicts extra damage upon your enemies.
   It affects your dexterity (-5).
   It lets you see invisible.
   It lets you blink.
   It lets you go berserk.
 U - a +4 scimitar of flaming
Missiles
 F - 8 silver javelins
Armour
 I - the cursed +1 robe "Jualuc" (worn) {rF+ Str+3 Stlth+}
   (You found it on level 11 of the Dungeon)

   It affects your strength (+3).
   It protects you from fire.
   It makes you more stealthy.
   It has a curse placed upon it.
 L - a +2 buckler of positive energy (worn)
 N - the +0 helmet of the Invisible Lies (worn) {Str+4}
   (Okawaru gifted it to you on level 6 of the Lair of Beasts)

   It affects your strength (+4).
 O - a +2 cloak (worn)
 Q - a +1 leather armour of willpower
 S - a +1 buckler of fire resistance
Jewellery
 n - the ring of Impatience {Will+ MP+9 Str+4 Int+2 Stlth-}
   (You found it in a treasure trove)

   [ring of attention]

   It affects your strength (+4).
   It affects your intelligence (+2).
   It affects your willpower, your defense against some magical effects.
   It affects your magic capacity (+9).
   It makes you less stealthy.
 y - the ring "Oqanowk" (left hand) {rF+ rC+ Will++ Str-3 Dex+6}
   (You found it in a treasure trove)

   [ring of dexterity]

   It affects your strength (-3).
   It affects your dexterity (+6).
   It protects you from fire.
   It protects you from cold.
   It affects your willpower, your defense against some magical effects.
 B - an amulet of reflection (around neck)
 J - the ring of the Mage (right hand) {Wiz Will++ Int+3}
   (You found it in a treasure trove)

   [ring of wizardry]

   It improves your spell success rate.
   It affects your intelligence (+3).
   It affects your willpower, your defense against some magical effects.
Wands
 r - a wand of paralysis (24)
 s - a wand of random effects (3)
 x - a wand of flame (26)
 G - a wand of polymorph (17)
 H - a wand of acid (18)
 K - a wand of iceblast (5)
 P - a wand of digging (5)
Scrolls
 g - 5 scrolls of amnesia
 h - a scroll of fog
 j - 2 scrolls of fear
 m - 3 scrolls of magic mapping
 t - 10 scrolls of remove curse
 u - 2 scrolls of blinking
 v - a scroll of summoning
 C - 5 scrolls of teleportation
 M - a scroll of enchant armour
Potions
 c - a potion of magic
 e - 2 potions of mutation
 f - a potion of berserk rage
 i - a potion of cancellation
 k - 4 potions of haste
 l - 6 potions of might
 o - 3 potions of lignification
 q - 4 potions of brilliance
 z - 8 potions of curing
 A - 3 potions of invisibility
 D - 3 potions of heal wounds
 E - a potion of ambrosia {unknown}
 T - a potion of resistance {unknown}
Books
 d - a manual of Maces & Flails
 p - a manual of Fighting
Miscellaneous
 R - a box of beasts


   Skills:
 + Level 13.7 Fighting
 - Level 10.4 Maces & Flails
 - Level 6.0 Armour
 - Level 1.5 Dodging
 - Level 2.1 Stealth
 * Level 11.9 Shields
 - Level 8.0 Spellcasting
 - Level 5.6 Conjurations
 + Level 4.2 Hexes
 - Level 6.5 Necromancy
 - Level 3.0 Translocations
 - Level 8.0 Ice Magic
 + Level 5.7 Air Magic
 - Level 8.0 Earth Magic
 - Level 5.0 Poison Magic
 - Level 7.7 Invocations


You had 12 spell levels left.
You knew the following spells:

 Your Spells              Type           Power        Failure   Level
a - Silence               Hex/Air        16%          10%         5
b - Frozen Ramparts       Ice            96%          1%          3
c - Mephitic Cloud        Conj/Pois/Air  35%          1%          3
d - Blink                 Tloc           N/A          1%          2
h - Borgnjor's Vile Clut  Necr/Erth      22%          3%          5

Your spell library contained the following spells:

 Spells                   Type           Power        Failure   Level
 Animate Skeleton         Necr           80%          1%          1
 Freeze                   Ice            100%         1%          1
 Magic Dart               Conj           100%         1%          1
 Pain                     Necr           100%         1%          1
 Ensorcelled Hibernation  Hex/Ice        76%          1%          2
 Slow                     Hex            29%          1%          2
 Ozocubu's Armour         Ice            48%          1%          3
 Static Discharge         Conj/Air       36%          1%          3
 Vampiric Draining        Necr           20%          1%          3
 Animate Dead             Necr           20%          1%          4
 Hailstorm                Conj/Ice       42%          1%          4
 Conjure Flame            Conj/Fire      23%          2%          3
 Call Imp                 Summ           9%           4%          2
 Summon Ice Beast         Ice/Summ       28%          4%          4
 Agony                    Necr           40%          4%          5
 Lightning Bolt           Conj/Air       18%          7%          5
 Shadow Creatures         Summ           N/A          98%         6
 Ignition                 Fire           4%           100%        8
 Shatter                  Erth           24%          100%        9
 Tornado                  Air            18%          100%        9


Dungeon Overview and Level Annotations

Branches:
Dungeon (12/15)            Temple (0/1) D:6            Lair (6/6) D:10
 Shoals (0/4) Lair:2        Snake (0/4) Lair:2        Slime (0/5) Lair:5
    Orc (2/2) D:12            Elf (0/3) Orc:2       Volcano (visited)

Altars:
Ashenzari
Hepliaklqana
Nemelex Xobeh
Okawaru
Trog
Xom
Jiyva

Shops:
D:8 :   Orc:2 ?

Annotations:
D:6 2 transporters, Darold's ghost, novice NaFi
Lair:1 2 transporters, sixsigma's ghost, journeyman VSTm
Lair:3 exclusion: oklob plant
Lair:6 exclusion: door


Innate Abilities, Weirdness & Mutations

You are resistant to torment.
Your stone body is resilient. (AC +11)
You are immune to poison.
Your large and strong wings let you fly indefinitely.
You resist negative energy. (rN+)
You are resistant to electric shocks. (rElec)
You can survive without breathing.
You are immune to petrification.
You are immune to miasma.


Message History

The orc knight hits you with a +0 great mace!!
* * * LOW HITPOINT WARNING * * *
You hear a shout!
You puncture the orc high priest! You freeze the orc high priest.
The orc high priest is almost dead.
The zombie hands constrict the orc knight.
You kill the orc knight!
Okawaru accepts your kill.
The orc knight no longer looks unusually strong.
The wall freezes the orc knight.
You block the orc knight's attack.
The wall freezes the orc high priest!
You kill the orc high priest!
Okawaru accepts your kill.
The wall freezes the orc knight.
Your frozen ramparts will break if you move.
Continue?
The frozen ramparts melt away as you move.
The orc knight shoots a bolt.
The bolt hits you!!
* * * LOW HITPOINT WARNING * * *
The orc knight hits you with a +0 war axe of electrocution.
You die...

...........#
#######.####
######.######
*#...........###
...####.####...##
,*****#.######..##
***,,,#.#...###..#
*,,,,,#.#.....##.#
,,,,,,#.#......#@#
,,**,,...,,*#)(o.#
,**,,,...,,,##.o##
,*,,,,,,,,,,,#..*
,,,,,,,,,,,,....*
,**,,,,,,,,.##..*
,,,**,,,,,#*,..#*
*∩,,,**,**,,.∩#*
***∩,,,,,,,∩##*


You could see 2 orc knights.

Vanquished Creatures
  Rupert (Orc:2)
  Jorgrun (Orc:2)
  Kirke (Lair:6)
  Snorg (Orc:1)
  Josephine (Lair:3)
  Harold (Orc:1)
  A boulder beetle (Lair:4)
  9 hydras
  Fannar (Lair:1)
  A centaur warrior (D:12)
  3 two-headed ogres
  Erica (Orc:1)
  8 death yaks
  An orc high priest (Orc:2)
  Nergalle (D:11)
  2 unseen horrors
  A fire crab (Lair:6)
  2 lindwurms (Volcano)
  2 ugly things (D:11)
  2 orc knights
  2 orc sorcerers
  6 slime creatures
  A manticore (D:11)
  2 toenail golems (Volcano)
  7 black mambas
  11 elephants
  3 molten gargoyles (Volcano)
  A torpor snail (Lair:1)
  30 cane toads
  11 komodo dragons
  2 efreet (Volcano)
  2 polar bears
  5 tyrant leeches (Lair:6)
  6 trolls
  14 blink frogs
  38 yaks
  Eustachio (D:5)
  9 wraiths
  2 wyverns
  3 basilisks
  6 vampire mosquitoes
  5 fire elementals (Volcano)
  Menkaure (D:6)
  A warg (Orc:2)
  An acid dragon (D:11)
  21 water moccasins
  An ice beast (D:5)
  3 black bears
  A sky beast (D:9)
  20 orc warriors
  A phantom (D:7)
  8 ogres
  2 eyes of draining
  7 wolves
  8 centaurs
  2 big kobolds (D:7)
  19 bullfrogs
  An earth elemental (Volcano)
  7 scorpions
  22 killer bees
  15 wights
  7 howler monkeys
  A bullfrog zombie (D:9)
  A quasit (D:9)
  3 hounds
  3 jellies
  3 centaur skeletons
  21 orc priests
  23 orc wizards
  4 bullfrog skeletons
  An iguana (D:12)
  Ijyb (D:3)
  5 hell rats (Lair:5)
  3 worker ants
  A hound skeleton (D:4)
  A worker ant zombie (D:10)
  6 gnolls
  A howler monkey skeleton (D:9)
  21 adders
  3 white imps
  An ufetubus (D:10)
  2 adder skeletons
  2 worms
  2 dart slugs (D:2)
  3 leopard geckos
  51 orcs
  5 ball pythons
  5 bats
  4 giant cockroaches
  5 goblins
  4 hobgoblins
  13 jackals
  16 kobolds
  5 quokkas
  5 frilled lizards
  7 rats
  2 fire vortices (Volcano)
590 creatures vanquished.

Vanquished Creatures (others)
  A human (Lair:6)
  An ogre (Orc:2)
  An orc (Orc:1)
  A bush (Lair:6)
  48 fungi
  113 plants
165 creatures vanquished.

Grand Total: 755 creatures vanquished

Notes
Turn   | Place    | Note
-------+----------+-------------------------------------------
     0 | D:1      | wilfster70 the Gargoyle Ice Elementalist began the quest
                  | for the Orb.
     0 | D:1      | Reached XP level 1. HP: 10/10 MP: 3/3
   509 | D:1      | Reached XP level 2. HP: 16/16 MP: 0/5
   711 | D:1      | Found a broken altar of Ashenzari.
   999 | D:1      | Reached skill level 1 in Fighting
   999 | D:1      | Reached XP level 3. HP: 20/20 MP: 1/6
  1003 | D:1      | Learned a level 3 spell: Frozen Ramparts
  1174 | D:2      | Reached skill level 1 in Armour
  1726 | D:2      | Reached XP level 4. HP: 14/25 MP: 3/7
  2213 | D:3      | Reached skill level 1 in Maces & Flails
  2232 | D:3      | Reached XP level 5. HP: 21/30 MP: 3/8
  2382 | D:3      | Noticed Ijyb
  2390 | D:3      | Reached skill level 5 in Ice Magic
  2393 | D:3      | Killed Ijyb
  2493 | D:3      | Found a sparkling altar of Nemelex Xobeh.
  2738 | D:3      | Reached skill level 2 in Fighting
  2849 | D:4      | Found an iron altar of Okawaru.
  2901 | D:4      | Noticed an ogre
  3129 | D:4      | Reached XP level 6. HP: 29/35 MP: 10/10
  3192 | D:4      | Became a worshipper of Warmaster Okawaru
  3301 | D:4      | Reached XP level 7. HP: 38/40 MP: 11/11
  3350 | D:4      | Reached skill level 3 in Fighting
  3429 | D:4      | Reached skill level 1 in Invocations
  3855 | D:4      | Reached * piety under Okawaru
  3978 | D:4      | Found a hazy altar of Hepliaklqana.
  4056 | D:5      | Entered Level 5 of the Dungeon
  4095 | D:5      | Reached XP level 8. HP: 45/46 MP: 5/13
  4331 | D:5      | Noticed Eustachio
  4343 | D:5      | Killed Eustachio
  4773 | D:6      | Noticed a wraith
  4779 | D:6      | Reached skill level 4 in Fighting
  4930 | D:6      | Found a transporter.
  4930 | D:6      | Noticed Darold's ghost (novice NaFi)
  4983 | D:6      | Found a staircase to the Ecumenical Temple.
  4993 | D:6      | Reached ** piety under Okawaru
  5109 | D:6      | Identified the +9 falchion "Bisade" {vorpal, rElec Int+3}
  5125 | D:6      | Found a transporter.
  5379 | D:6      | Noticed Menkaure
  5390 | D:6      | Killed Menkaure
  5679 | D:7      | Reached XP level 9. HP: 52/52 MP: 11/15
  5687 | D:7      | Learned a level 3 spell: Mephitic Cloud
  6762 | D:7      | Reached skill level 5 in Fighting
  7249 | D:8      | Identified the +1 robe "Umacvyng" {Rampage rN+ Str+3}
  7254 | D:8      | Reached skill level 5 in Armour
  7342 | D:8      | Found Xopteit's Book Boutique.
  7364 | D:8      | Reached *** piety under Okawaru
  7718 | D:8      | Received a gift from Okawaru
  8168 | D:9      | Reached skill level 5 in Spellcasting
  8258 | D:9      | Reached skill level 5 in Maces & Flails
  8260 | D:9      | Reached skill level 5 in Invocations
  8260 | D:9      | Reached XP level 10. HP: 56/60 MP: 14/18
  8278 | D:9      | Reached skill level 6 in Fighting
  8279 | D:9      | Noticed a two-headed ogre
  8386 | D:8      | Learned a level 2 spell: Blink
  8435 | D:9      | Killed a two-headed ogre
  8436 | D:9      | Reached skill level 1 in Translocations
  8600 | D:9      | Reached **** piety under Okawaru
  9159 | D:10     | Entered Level 10 of the Dungeon
  9184 | D:10     | Killed an unseen horror
  9534 | D:11     | Reached skill level 7 in Fighting
  9747 | D:11     | Got a dull robe
  9758 | D:11     | Identified the cursed +1 robe "Jualuc" {rF+ Str+3 Stlth+}
                  | (You found it on level 11 of the Dungeon)
  9973 | D:11     | Reached ***** piety under Okawaru
 10147 | D:11     | Noticed a red ugly thing
 10159 | D:11     | Killed a red ugly thing
 10160 | D:11     | Reached XP level 11. HP: 29/67 MP: 17/21
 10363 | D:11     | Found a portal to a secret trove of treasure.
 10372 | Trove    | Entered a treasure trove
 10407 | Trove    | Reached skill level 5 in Conjurations
 10407 | Trove    | Reached skill level 5 in Poison Magic
 10407 | Trove    | Reached XP level 12. HP: 72/72 MP: 22/22
 10409 | Trove    | Found the ring of the Mage {Wiz Will++ Int+3}
 10411 | Trove    | Got a coiled copper ring
 10413 | Trove    | Got a coiled bronze ring
 10509 | D:11     | Noticed a two-headed ogre
 10934 | D:10     | Identified the ring of Impatience {Will+ MP+9 Str+4 Int+2
                  | Stlth-} (You found it in a treasure trove)
 10935 | D:10     | Identified the ring "Oqanowk" {rF+ rC+ Will++ Str-3 Dex+6}
                  | (You found it in a treasure trove)
 11098 | D:10     | Found a staircase to the Lair.
 11148 | D:10     | Noticed a two-headed ogre
 11164 | D:10     | Killed a two-headed ogre
 11165 | D:10     | Reached skill level 8 in Fighting
 11682 | D:11     | Killed a two-headed ogre
 11751 | D:11     | Noticed Nergalle
 11761 | D:11     | Killed Nergalle
 13184 | D:11     | Got a scorched trident
 13200 | D:11     | Identified the +8 trident of Debt {freeze, Str+4 Dex+5}
                  | (You found it on level 11 of the Dungeon)
 13315 | Lair:1   | Entered Level 1 of the Lair of Beasts
 13436 | Lair:1   | Found a bloodstained altar of Trog.
 13436 | Lair:1   | Noticed sixsigma's ghost (journeyman VSTm)
 13437 | Lair:1   | Found a transporter.
 13606 | Lair:1   | Noticed Fannar
 13621 | Lair:1   | Reached skill level 1 in Shields
 13630 | Lair:1   | Killed Fannar
 14233 | Lair:1   | Found a transporter.
 14244 | Lair:1   | Identified the +3 trident of Duty {antimagic, +Fly rElec
                  | rF+}
 14375 | Lair:2   | Found a staircase to the Shoals.
 14375 | Lair:2   | Noticed a death yak
 14387 | Lair:1   | Killed a death yak
 14388 | Lair:1   | Reached skill level 9 in Fighting
 14876 | Lair:2   | Found a staircase to the Snake Pit.
 15355 | Lair:2   | Reached XP level 13. HP: 80/80 MP: 22/25
 15362 | Lair:2   | Reached skill level 5 in Shields
 15442 | Lair:2   | Reached skill level 10 in Maces & Flails
 16170 | Lair:3   | Reached skill level 10 in Fighting
 16533 | D:8      | Bought a book of Dreams for 975 gold pieces
 16539 | D:8      | Learned a level 5 spell: Borgnjor's Vile Clutch
 17171 | Lair:4   | Reached skill level 1 in Earth Magic
 17390 | Lair:4   | Noticed Josephine
 17405 | Lair:3   | Reached skill level 1 in Necromancy
 17523 | Lair:3   | Killed Josephine
 18676 | Lair:4   | Got a fine silver ring
 18907 | Lair:5   | Found a viscous altar of Jiyva.
 18908 | Lair:5   | Found a staircase to the Slime Pits.
 18963 | Lair:4   | Received a gift from Okawaru
 19509 | Lair:5   | Reached skill level 5 in Earth Magic
 19536 | Lair:5   | Reached skill level 11 in Fighting
 19907 | Lair:5   | Gained mutation: Your large and strong wings let you fly
                  | indefinitely. [Gargoyle growth]
 19907 | Lair:5   | Reached XP level 14. HP: 88/90 MP: 16/26
 20997 | Lair:6   | Entered Level 6 of the Lair of Beasts
 21425 | Lair:6   | Received a gift from Okawaru
 22210 | Lair:6   | Received a gift from Okawaru
 22211 | Lair:6   | Reached skill level 5 in Necromancy
 22383 | Lair:5   | Reached skill level 12 in Fighting
 23725 | Lair:5   | Reached skill level 10 in Shields
 24021 | Lair:6   | Received a gift from Okawaru
 24024 | Lair:6   | Got a fading helmet {god gift}
 24030 | Lair:6   | Identified the +0 helmet of the Invisible Lies {Str+4}
                  | (Okawaru gifted it to you on level 6 of the Lair of Beasts)
 24306 | Lair:6   | Noticed Kirke
 24319 | Lair:6   | Killed Kirke
 24334 | Lair:6   | Reached XP level 15. HP: 87/97 MP: 9/27
 24337 | Lair:6   | Reached ****** piety under Okawaru
 24344 | Lair:6   | Learned a level 5 spell: Silence
 25256 | D:11     | Reached skill level 1 in Hexes
 26737 | D:12     | Received a gift from Okawaru
 26740 | D:12     | Got a steaming helmet {god gift}
 26760 | D:12     | Identified the +1 helmet of Okawaru's Whim {Str+6 Int-4
                  | Dex+2} (Okawaru gifted it to you on level 12 of the
                  | Dungeon)
 27274 | D:12     | Reached skill level 5 in Air Magic
 27416 | D:12     | Found a staircase to the Orcish Mines.
 27633 | D:11     | Got a shimmering mace
 27733 | Orc:1    | Entered Level 1 of the Orcish Mines
 27920 | Orc:1    | Identified the +11 mace of Quirru {vorpal, +Blink +Rage
                  | Dex-5 SInv} (You found it on level 11 of the Dungeon)
 27982 | Orc:1    | Noticed Harold
 27987 | Orc:1    | Reached skill level 13 in Fighting
 27996 | Orc:1    | Killed Harold
 28143 | Orc:1    | Noticed Snorg
 28615 | Orc:1    | Killed Snorg
 28863 | Orc:1    | Noticed Erica
 28872 | Orc:1    | Killed Erica
 29013 | Orc:2    | Entered Level 2 of the Orcish Mines
 29038 | Orc:2    | Noticed Jorgrun
 29146 | Orc:2    | Found a staircase to the Elven Halls.
 29189 | Orc:2    | Noticed Rupert
 29208 | Orc:2    | Killed Rupert
 29219 | Orc:2    | Killed Jorgrun
 29235 | Orc:2    | Found a dark tunnel.
 29257 | Volcano  | Entered a volcano
 29986 | Orc:2    | Found a shimmering altar of Xom.
 30335 | Orc:2    | Found Fomocave's Magic Scroll Shoppe.
 30351 | Orc:2    | HP: 5/100 [orc knight/bolt (24)]
 30351 | Orc:2    | Slain by an orc knight

Illustrated notes

Levels and vault maps discovered:
D:1:      giann_forest_graveyard, layout_rooms, serial_curves, eino_curves_03,
          eino_curves_03, hangedman_abyss_or_decor_stabs,
          nicolae_ashenzari_panopticon
D:2:      layout_rooms
D:3:      layout_basic, chequers_decorated_corner, nemelex_spade_bored_becter,
          uniq_ijyb
D:4:      layout_loops_ring, nicolae_overflow_hidden_temple, okawaru_gym_becter
D:5:      layout_rooms, uniq_eustachio
D:6:      layout_loops_ring, minmay_temple_entry_sparse_star,
          gammafunk_ghost_mausoleum, uniq_menkaure
D:7:      layout_basic
D:8:      layout_loops_corners, serial_shops,
          nicolae_shop_temple_entry_statues_fountains
D:9:      layout_basic, serial_curves, eino_curves_02, eino_curves_01
D:10:     layout_irregular_city, grunt_lair_entry_orc_guard_hut
D:11:     layout_stronghold, nicolae_trove_entry_diagonal,
          lemuel_flamethrower_hall, uniq_nergalle
D:12:     layout_rooms, david_orc_4
Lair:1:   layout_cave_pods, gammafunk_ghost_wrathful_warriors,
          grunt_megastairs_5, uniq_fannar
Lair:2:   layout_roguey, shoals_dummy_entry, minmay_snake_entry_six_corridors,
          beast_lair_carwin_11, lemuel_fruit_tree
Lair:3:   layout_gridlike, grunt_megastairs_1, minmay_lair_oklob_chamber
Lair:4:   layout_long_grid, uniq_josephine
Lair:5:   layout_long_grid, slime_altar_1, serial_bayou_shore_a,
          grunt_megastairs_4
Lair:6:   minmay_lair_end_frog_pond, layout_gridlike, zaba_antful_of_joy,
          uniq_kirke
Orc:1:    layout_caves, uniq_harold, uniq_snorg, uniq_erica
Orc:2:    st_orc_elflike, layout_caves, basic_altar,
          lightli_volcano_entry_magma_tube, uniq_rupert, uniq_jorgrun

Skill      XL: |  1  2  3  4  5  6  7  8  9 10 11 12 13 14 15 |
---------------+----------------------------------------------+-----
Fighting       | 1 2 3 4 5 7 9 11 12 13 | 13.7
Armour         | 1 2 3 4 6 |  6.0
Maces & Flails | 1 2 3 5 6 9 10 | 10.4
Ice Magic      | 5 6 7 8 |  8.0
Spellcasting   | 3 4 5 6 8 |  8.0
Invocations    | 2 3 5 7 |  7.7
Translocations | 3 |  3.0
Conjurations   | 5 |  5.6
Air Magic      | 4 5 |  5.7
Poison Magic   | 5 |  5.0
Shields        | 4 8 10 11 | 11.9
Earth Magic    | 5 8 |  8.0
Necromancy     | 3 6 |  6.5
Hexes          | 4 |  4.2
Dodging        | |  1.5
Stealth        | |  2.1

Action                   |  1- 3 |  4- 6 |  7- 9 | 10-12 | 13-15 || total
-------------------------+-------+-------+-------+-------+-------++-------
Melee: Whip              |    74 |    12 |       |       |       ||    86
       Short sword       |     2 |       |       |       |       ||     2
       Mace              |       |    72 |   114 |       |       ||   186
       Falchion          |       |       |   102 |   190 |       ||   292
       Morningstar       |       |       |       |   107 |   650 ||   757
       Trident           |       |       |       |       |    22 ||    22
 Cast: Freeze            |    19 |       |       |       |       ||    19
       Frozen Ramparts   |     5 |    11 |    28 |    53 |    90 ||   187
       Borgnjor's Vile C |       |       |       |       |   125 ||   125
       Mephitic Cloud    |       |       |       |       |     1 ||     1
       Silence           |       |       |       |       |     1 ||     1
Invok: Heroism           |       |       |     2 |     6 |    14 ||    22
 Abil: Fly               |       |       |       |       |     1 ||     1
Evoke: Wand              |       |     3 |     1 |     4 |     7 ||    15
  Use: Scroll            |       |     1 |     1 |    24 |    13 ||    39
       Potion            |       |       |       |     2 |     2 ||     4
 Stab: Sleeping          |     2 |     1 |     5 |     7 |     2 ||    17
       Distracted        |       |       |       |     1 |       ||     1
Armor: Leather armour    |    34 |    39 |   106 |    34 |       ||   213
       Robe              |       |       |       |    91 |   263 ||   354
Dodge: Dodged            |    66 |    48 |   142 |   172 |   387 ||   815
Block: Buckler           |       |       |       |    66 |   635 ||   701
       Other             |       |       |       |    10 |       ||    10
       Reflection        |       |       |       |       |    22 ||    22
       Rpst.: Falchion   |       |       |    13 |    26 |       ||    39
